 Dungeon Crawl Stone Soup version 0.30.1-4-g462c640d31 (webtiles) character file.

Game seed: 17783793314090850266

350 Peloso the Covered (level 6, -1/53 HPs)
             Began as a Minotaur Fighter on Sept 10, 2023.
             Slain by Menkaure (14 damage)
             ... on level 5 of the Dungeon.
             The game lasted 00:05:07 (2917 turns).

Peloso the Covered (Minotaur Fighter)               Turns: 2917, Time: 00:05:07

Health: -1/53      AC: 11    Str: 21    XL:     6   Next: 34%
Magic:  5/5        EV:  8    Int:  5    God:
Gold:   32         SH:  5    Dex: 11    Spells: 5/5 levels left

rFire   . . .        a - +0 long sword
rCold   . . .        d - +0 buckler
rNeg    . . .        q - +0 chain mail
rPois   .            (helmet restricted)
rElec   .            (no cloak)
rCorr   .            c - +0 pair of gloves
SInv    .            (no boots)
Will    .....        (no amulet) Stlth
                     (no ring)
HPRegen 0.28/turn    (no ring)
MPRegen 0.09/turn

%: no passive effects
@: no status effects
A: horns 2, retaliatory headbutt
a: no special abilities


You were on level 5 of the Dungeon.
You visited 1 branch of the dungeon, and saw 5 of its levels.

You collected 179 gold pieces.
You spent 147 gold pieces at shops.

Inventory:

Hand Weapons
 a - a +0 long sword (weapon)
Missiles
 i - 3 silver javelins (quivered)
Armour
 b - a +0 scale mail
 c - a +0 pair of gloves (worn)
 d - a +0 buckler (worn)
 q - a +0 chain mail (worn)
Scrolls
 e - a scroll of fear {unknown}
 f - 3 scrolls of identify {unknown}
 j - 2 scrolls of amnesia {unknown}
 k - 2 scrolls of vulnerability {unknown}
 m - a scroll of blinking {unknown}
 o - 4 scrolls of noise {unknown}
 r - a scroll of teleportation {unknown}
 u - a scroll of brand weapon {unknown}
 w - 2 scrolls of magic mapping {unknown}
 x - a scroll of silence {unknown}
Potions
 g - 2 potions of resistance {unknown}
 h - 3 potions of might
 l - a potion of invisibility {unknown}
 n - 2 potions of lignification {unknown}
 p - 2 potions of attraction {unknown}
 s - a potion of mutation {unknown}
 t - a potion of degeneration {unknown}
 v - a potion of heal wounds {unknown}


   Skills:
 + Level 4.4 Fighting
 + Level 5.1 Long Blades
 + Level 5.8 Armour
 + Level 1.9 Dodging
 + Level 4.5 Shields


You had 5 spell levels left.
You didn't know any spells.
Your spell library contained the following spells:

 Spells                   Type           Power      Damage    Failure   Level
 Apportation              Tloc           0%         N/A       99%         1
 Necrotise                Necr           0%         1d4       99%         1
 Summon Small Mammal      Summ           0%         N/A       99%         1


Dungeon Overview and Level Annotations

Branches:
Dungeon (5/15)
 Temple: D:4-7

Altars:
Kikubaaqudgha

Shops:
D:1 *

Annotations:
D:5 Menkaure


Innate Abilities, Weirdness & Mutations

You have a pair of horns on your head.
You reflexively headbutt those who attack you in melee.


Message History

Things that are here:
a +0 leather armour; a +0 club
Items here: ))) [.
There is a stone staircase leading down here.
You climb downwards.
There is a stone staircase leading up here.
You see here 5 large rocks.
You see here a +0 sling.
There is a stone staircase leading down here.
You climb downwards.
There is a stone staircase leading up here.
Sorry, I don't know how to get there.
Menkaure, Prince of Dust comes into view.
Menkaure is nearby!
Menkaure is nearby!
Menkaure is nearby!
Menkaure closely misses you.
You slash Menkaure!
Menkaure is moderately damaged.
Menkaure hits you but does no damage.
You hit Menkaure.
Menkaure is heavily damaged.
You barely miss Menkaure.
Menkaure is heavily damaged.
You block Menkaure's attack.
You slash Menkaure!
You headbutt Menkaure, but do no damage.
Menkaure is severely damaged.
Menkaure calls on the powers of darkness!
Your body is wracked with pain!
You barely miss Menkaure. Your headbutt misses Menkaure.
Menkaure is severely damaged.
Menkaure casts a spell.
Menkaure seems to speed up.
You hit Menkaure but do no damage.
Menkaure is severely damaged.
Menkaure hits you!
* * * LOW HITPOINT WARNING * * *
Menkaure hits you!
You die...

#. #. #. .##
..# #.# #M#
###@### #.....#
#####.#.#.####
#..............
#.###.#.#.###..
#<....# ###.###
..# ###


You could see Menkaure (fast).

Vanquished Creatures
  A scorpion (D:4)
  A jelly (D:2)
  3 orc wizards
  10 adders
  An ufetubus (D:4)
  2 dart slugs
  13 orcs
  6 ball pythons
  11 endoplasms
  2 giant cockroaches (D:4)
  7 goblins
  3 hobgoblins
  8 kobolds
  3 quokkas
  6 bats
  8 frilled lizards
  2 rats
87 creatures vanquished.

Notes
Turn   | Place    | Note
-------+----------+-------------------------------------------
     0 | D:1      | Peloso the Minotaur Fighter began the quest for the Orb.
     0 | D:1      | Reached XP level 1. HP: 19/19 MP: 0/0
   154 | D:1      | Reached XP level 2. HP: 27/27 MP: 1/1
   487 | D:1      | Found Majaad's Assorted Antiques.
   662 | D:2      | Reached XP level 3. HP: 31/33 MP: 2/2
   908 | D:2      | Reached XP level 4. HP: 29/40 MP: 3/3
   992 | D:2      | Reached skill level 1 in Dodging
  1417 | D:3      | Reached XP level 5. HP: 41/46 MP: 4/4
  1433 | D:3      | Reached skill level 5 in Armour
  2247 | D:4      | Reached XP level 6. HP: 52/52 MP: 5/5
  2361 | D:4      | Found an ancient bone altar of Kikubaaqudgha.
  2383 | D:4      | Reached skill level 5 in Long Blades
  2836 | D:1      | Bought a yellow potion for 27 gold pieces
  2836 | D:1      | Bought a scroll labelled VOCWIJ PUTWEBB for 30 gold pieces
  2836 | D:1      | Bought a scroll labelled NOMAS OPRILL for 30 gold pieces
  2836 | D:1      | Bought a scroll labelled VOCWIJ PUTWEBB for 30 gold pieces
  2836 | D:1      | Bought a scroll labelled XOHOOT SASEAS for 30 gold pieces
  2906 | D:5      | Entered Level 5 of the Dungeon
  2909 | D:5      | Noticed Menkaure
  2917 | D:5      | Slain by Menkaure

Illustrated notes

Levels and vault maps discovered:
D:1:      saegor_arrival_simple_c, layout_loops_ring, serial_shops,
          nicolae_shop_advertising_works [nicolae_subvault_shop_adworks]
D:2:      layout_rooms
D:3:      layout_loops_corners
D:4:      layout_rooms, lemuel_tele_altar
D:5:      lemuel_ratsnest, layout_loops_ring, kennysheep_orc_sif_temple,
          chequers_temple_overflow_minitemple, ebering_ghost_gozag,
          uniq_eustachio, uniq_menkaure, uniq_sigmund

Skill      XL: |  1  2  3  4  5  6 |
---------------+-------------------+-----
Fighting       | 4 |  4.4
Armour         | 4 5 |  5.8
Shields        | 4 |  4.5
Long Blades    | 3 4 5 |  5.1
Dodging        | 1 |  1.9

Action                     |  1- 3 |  4- 6 || total
---------------------------+-------+-------++-------
  Melee: Long sword        |    67 |   160 ||   227
         Headbutt          |    13 |    31 ||    44
 Armour: Scale mail        |    34 |    50 ||    84
         Chain mail        |       |    42 ||    42
  Dodge: Dodged            |    35 |    56 ||    91
  Block: Buckler           |    22 |    30 ||    52
